 Dungeon Crawl Stone Soup version 0.19.4-9-g45fd643 (webtiles) character file.

7839 doot the Spear-Bearer (level 11, -9/115 HPs)
             Began as a Merfolk Summoner on Feb 17, 2017.
             Was an Elder of Sif Muna.
             Mangled by a spiny frog (12 damage)
             ... on level 1 of the Lair of Beasts.
             The game lasted 01:25:29 (17754 turns).

doot the Spear-Bearer (Merfolk Summoner)           Turns: 17754, Time: 01:25:30

Health: -9/115     AC:  5    Str: 15      XL:     11   Next: 21%
Magic:  12/18      EV: 19    Int: 16      God:    Sif Muna [****..]
Gold:   644        SH:  0    Dex: 13 (15) Spells: 4 memorised, 7 levels left

rFire  . . .     SeeInvis .     P - +0 glaive
rCold  . . .     Gourm    .     e - +0 leather armour (curse)
rNeg   . . .     Faith    +     (shield currently unavailable)
rPois  +         Spirit   .     (no helmet)
rElec  .         Reflect  .     q - +1 cloak {+Inv}
rCorr  .         Harm     .     (no gloves)
MR     +....                    (no boots)
Stlth  ..........               v - amulet of faith
                                h - ring of poison resistance
                                s - ring of protection from magic

@: berserking, lethally poisoned (-9 -> -15), very quick
A: change form in water, swift swim, stealthy swim, fangs 1, repulsion field 1
a: Divine Energy, Channel Magic, Forget Spell, Renounce Religion, Evoke
Invisibility


You were on level 1 of the Lair of Beasts.
You worshipped Sif Muna.
Sif Muna was greatly pleased with you.
You were near starving.

You visited 4 branches of the dungeon, and saw 13 of its levels.

You collected 644 gold pieces.

Inventory:

Hand Weapons
 k - a +0 dagger
 m - a +0 trident
 o - a +0 mace
 p - a +4 quarterstaff of chaos
 r - a +1 spear of venom
 D - a +0 scythe
 P - a +0 glaive (weapon)
Armour
 e - a cursed +0 leather armour (worn)
 q - a +1 cloak of invisibility (worn)
 B - the +3 warlock's mirror {reflect}
   (You found it on level 6 of the Dungeon)
 K - a +4 ring mail
Jewellery
 h - a ring of poison resistance (right hand)
 s - a ring of protection from magic (left hand)
 v - an amulet of faith (around neck)
 A - an uncursed amulet of the gourmand {unknown}
Wands
 n - a wand of digging (4/24)
 t - a wand of disintegration (16/24)
Scrolls
 d - 9 scrolls of identify
 i - 3 scrolls of enchant armour {unknown}
 j - 7 scrolls of remove curse {unknown}
 w - 3 scrolls of magic mapping {unknown}
 z - 3 scrolls of enchant weapon {unknown}
 H - 2 scrolls of vulnerability {unknown}
Potions
 l - a potion of cancellation
 u - 2 potions of degeneration
 x - a potion of brilliance
 L - a potion of haste {unknown}
Books
 b - a book of Callings

   Spells                             Type                      Level
   a - Summon Small Mammal            Summoning                    1
   b - Call Imp                       Summoning                    2
   c - Call Canine Familiar           Summoning                    3
   d - Summon Guardian Golem          Hexes/Summoning              3
   e - Summon Lightning Spire         Summoning/Air                4
   f - Summon Ice Beast               Ice/Summoning                4
 M - Sif Muna's Compendium of Creative Ice
   (You found it on level 9 of the Dungeon)

   Spells                             Type                      Level
   a - Summon Small Mammal            Summoning                    1
   b - Ensorcelled Hibernation        Hexes/Ice                    2
   c - Ice Form                       Ice/Transmutation            4
   d - Summon Lightning Spire         Summoning/Air                4
   e - Ozocubu's Refrigeration        Ice                          6
Comestibles
 a - a beef jerky
 c - 6 bread rations
 g - 7 meat rations
 N - 7 slices of pizza


   Skills:
 + Level 4.1 Fighting
 * Level 11.1(11.3) Polearms
 + Level 2.1(4.7) Staves
 + Level 2.6 Armour
 * Level 9.1 Dodging
 + Level 4.7 Stealth
 + Level 2.5 Shields
 + Level 0.4 Unarmed Combat
 + Level 5.0 Spellcasting
 * Level 8.3 Summonings
 + Level 0.7 Ice Magic
 * Level 6.4 Evocations


You had 7 spell levels left.
You knew the following spells:

 Your Spells              Type           Power        Failure   Level  Hunger
b - Call Imp              Summ           ####....     1%          2    #......
c - Call Canine Familiar  Summ           ####....     1%          3    ###....
d - Summon Ice Beast      Ice/Summ       ###.....     34%         4    ####...
e - Summon Lightning Spi  Summ/Air       ###.....     38%         4    ####...


Dungeon Overview and Level Annotations

Branches:
Dungeon (10/15)            Temple (1/1) D:5            Lair (1/6) D:8
    Orc (1/2) D:10

Altars:
Dithmenos
Elyvilon
Fedhas
Gozag
Okawaru
Qazlal
Ru
Sif Muna
Trog

Shops:
D:7 [   D:9 (   D:10 (


Innate Abilities, Weirdness & Mutations

You revert to your normal form in water.
You are very nimble and swift while swimming.
You are very stealthy in the water. (Stealth+)
You have very sharp teeth.
You are surrounded by a mild repulsion field. (EV +2)


Message History

You feel yourself moving faster!
You feel mighty!
* * * LOW HITPOINT WARNING * * *
You feel sick. The spiny frog misses you.
Your hound bites the spiny frog.
You barely miss the spiny frog. Your bite misses the spiny frog.
The spiny frog is moderately wounded.
* * * LOW HITPOINT WARNING * * *
You feel sick. The spiny frog completely misses you.
Your hound closely misses the spiny frog.
You closely miss the spiny frog. You bite the spiny frog.
The spiny frog is moderately wounded.
* * * LOW HITPOINT WARNING * * *
You feel sick.
Your hound bites the spiny frog but does no damage.
The spiny frog completely misses you.
Your hound barely misses the spiny frog.
You slash the spiny frog!
The spiny frog is heavily wounded.
* * * LOW HITPOINT WARNING * * *
You feel sick. The spiny frog stings you!
You die...

............###+###..
............#.....#.|
...........#...⌠...##
....................#
.......†.#..⌠..>..⌠..
........#............
......##.......⌠..t..
......#....hF.....#
.....##..⌠.@#........
...........##..⌠..#..
............#......#
....#......##.....##
...##+#.###.....#
....#.<..##.+#..#
..........##.. ...
................
................


You could see a spiny frog, a crocodile (fleeing) and a friendly hound.

Vanquished Creatures
  2 trolls
  A hornet (D:10)
  2 hippogriffs (D:9)
  Sigmund (D:6)
  2 yaks (D:10)
  A human (D:7)
  A wyvern (D:8)
  Eustachio (D:5)
  A hog (D:7)
  2 hungry ghosts
  Duvessa (D:6)
  3 orc warriors
  A porcupine (Lair:1)
  A sky beast (D:8)
  2 black bears (D:10)
  2 ice beasts
  A phantom (D:10)
  4 ogres
  2 centaurs
  A crocodile (D:8)
  2 big kobolds
  4 bullfrogs
  Dowan (D:6)
  A scorpion (D:8)
  A wyvern skeleton (D:7)
  10 killer bees
  A troll zombie (D:10)
  A wight (D:9)
  2 bullfrog zombies
  4 crimson imps
  A centaur zombie (D:6)
  6 orc priests
  2 hounds
  2 jellies
  A bullfrog skeleton (D:10)
  3 iguanas
  Jessica (D:2)
  Natasha (D:2)
  10 orc wizards
  7 worker ants
  3 ogre zombies (D:10)
  2 worker ant zombies
  8 gnolls
  15 adders
  An ooze (D:3)
  2 adder zombies
  An adder skeleton (D:4)
  2 worms
  3 dart slugs
  9 leopard geckos
  43 orcs
  3 giant cockroaches
  8 goblins
  5 hobgoblins
  6 jackals
  3 quokkas
  2 ball pythons
  A ball python skeleton (D:6)
  5 bats
  3 frilled lizards
  A goblin skeleton (D:10)
  2 goblin zombies (D:10)
  2 hobgoblin skeletons (D:10)
  A hobgoblin zombie (D:10)
  13 kobolds
  An orc skeleton (D:10)
  10 orc zombies (D:10)
  A quokka skeleton (D:4)
  8 rats
257 creatures vanquished.

Vanquished Creatures (collateral kills)
  A komodo dragon (Lair:1)
  A hill giant zombie (D:10)
  4 yaks (D:10)
  3 hogs (D:7)
  A water moccasin (Lair:1)
  2 phantoms
  2 sky beasts
  A black bear (D:6)
  An ogre (D:10)
  A necrophage (D:9)
  A crocodile (Lair:1)
  A bullfrog (D:5)
  A gnoll sergeant (D:5)
  A wyvern skeleton (D:9)
  2 killer bees
  3 hounds
  Crazy Yiuf (D:2)
  A quasit (D:10)
  Natasha (twice) (D:2)
  An orc wizard (D:8)
  An ogre zombie (D:10)
  2 worms
  3 orcs
  A bat (D:2)
  A goblin (D:1)
  2 hobgoblins (D:1)
  5 jackals
  5 kobolds
  2 orc zombies (D:10)
  A rat (D:1)
54 creatures vanquished.

Vanquished Creatures (others)
  2 fungi (D:5)
  A plant (D:5)
3 creatures vanquished.

Grand Total: 314 creatures vanquished

Notes
Turn   | Place    | Note
-------+----------+-------------------------------------------
     0 | D:1      | doot the Merfolk Summoner began the quest for the Orb.
     0 | D:1      | Reached XP level 1. HP: 13/13 MP: 3/3
   775 | D:1      | Reached XP level 2. HP: 11/19 MP: 5/5
   942 | D:1      | Learned a level 2 spell: Call Imp
  2038 | D:2      | Noticed Jessica
  2097 | D:1      | Reached XP level 3. HP: 14/25 MP: 6/6
  2703 | D:2      | Noticed Natasha
  2746 | D:2      | Killed Natasha
  2746 | D:2      | Reached skill level 1 in Fighting
  2757 | D:2      | Learned a level 3 spell: Call Canine Familiar
  2817 | D:2      | Reached XP level 4. HP: 27/32 MP: 7/7
  3071 | D:2      | Noticed Natasha
  3750 | D:2      | Killed Jessica
  3750 | D:2      | Reached skill level 1 in Armour
  3758 | D:2      | Killed Natasha
  4911 | D:1      | Reached XP level 5. HP: 23/37 MP: 4/8
  5098 | D:2      | Found a runed door.
  5102 | D:2      | Noticed Crazy Yiuf
  5110 | D:2      | Killed Crazy Yiuf
  5198 | D:2      | Noticed Natasha
  5208 | D:2      | Killed Natasha
  5868 | D:3      | Reached skill level 1 in Evocations
  5883 | D:3      | Found a sacrificial altar of Ru.
  5888 | D:3      | Found a deep blue altar of Sif Muna.
  5900 | D:3      | Became a worshipper of Sif Muna the Loreminder
  6147 | D:3      | Reached skill level 5 in Summonings
  6147 | D:3      | Reached XP level 6. HP: 17/43 MP: 9/9
  6467 | D:4      | Reached skill level 1 in Staves
  6774 | D:4      | Noticed a phantom
  6850 | D:5      | Entered Level 5 of the Dungeon
  6878 | D:5      | Found a white marble altar of Elyvilon.
  6994 | D:5      | Found a staircase to the Ecumenical Temple.
  7057 | Temple   | Entered the Ecumenical Temple
  7119 | D:5      | Noticed a phantom
  7143 | D:5      | Killed a phantom
  7143 | D:5      | Reached skill level 5 in Dodging
  7143 | D:5      | Reached XP level 7. HP: 41/49 MP: 4/11
  7173 | D:5      | Found a stormy altar of Qazlal.
  7273 | D:5      | Found a blossoming altar of Fedhas.
  7343 | D:5      | Found an iron altar of Okawaru.
  7433 | D:6      | Noticed Eustachio
  7563 | D:5      | Gained mutation: You have very sharp teeth. [potion of beneficial mutation]
  7969 | D:5      | Reached * piety under Sif Muna
  8102 | D:5      | Reached skill level 1 in Polearms
  8497 | D:5      | Gained mutation: You are surrounded by a mild repulsion field. (EV +2) [potion of beneficial mutation]
  8783 | D:6      | Reached XP level 8. HP: 42/57 MP: 12/12
  8888 | D:6      | Reached skill level 2 in Polearms
  9074 | D:5      | Killed Eustachio
  9214 | D:6      | Reached skill level 3 in Polearms
  9289 | D:6      | Noticed Sigmund
  9303 | D:6      | Killed Sigmund
  9432 | D:6      | Noticed Dowan
  9442 | D:6      | Killed Dowan
  9449 | D:6      | Reached skill level 4 in Polearms
  9854 | D:7      | Reached skill level 5 in Polearms
 10048 | D:7      | Reached XP level 9. HP: 52/62 MP: 14/14
 10279 | D:7      | Found Ewuthro's Antique Armour Boutique.
 10384 | D:7      | Reached skill level 1 in Shields
 10510 | D:7      | Found a stormy altar of Qazlal.
 10737 | D:8      | Reached skill level 6 in Polearms
 10959 | D:8      | Noticed a hornet
 11004 | D:8      | Reached skill level 7 in Polearms
 11098 | D:8      | Reached ** piety under Sif Muna
 11376 | D:8      | Found a shadowy altar of Dithmenos.
 11712 | D:9      | Reached skill level 8 in Polearms
 11872 | D:9      | Reached skill level 5 in Evocations
 11937 | D:9      | Identified Sif Muna's Compendium of Creative Ice
 12135 | D:9      | Found Engiac's Weapon Emporium.
 12232 | D:9      | Noticed a hill giant
 12295 | D:10     | Entered Level 10 of the Dungeon
 12295 | D:10     | Found a bloodstained altar of Trog.
 12307 | D:10     | Reached XP level 10. HP: 62/70 MP: 15/15
 12455 | D:10     | Paralysed by a hornet for 3 turns
 12480 | D:10     | Reached skill level 9 in Polearms
 13139 | D:10     | Reached *** piety under Sif Muna
 14167 | D:10     | Found Munom's Weapon Shop.
 14222 | D:10     | Reached skill level 10 in Polearms
 14317 | D:10     | Found an opulent altar of Gozag.
 14448 | D:10     | Learned a level 4 spell: Summon Ice Beast
 14453 | D:10     | Learned a level 4 spell: Summon Lightning Spire
 14573 | D:10     | Found a staircase to the Orcish Mines.
 14839 | Orc:1    | Entered Level 1 of the Orcish Mines
 15790 | D:7      | Reached XP level 11. HP: 65/77 MP: 16/18
 16008 | D:8      | Found a staircase to the Lair.
 16037 | D:8      | Noticed a brown ugly thing
 16596 | D:8      | Reached skill level 5 in Spellcasting
 16611 | D:8      | Reached **** piety under Sif Muna
 17144 | D:6      | Noticed Duvessa
 17599 | D:6      | Killed Duvessa
 17599 | D:6      | Reached skill level 11 in Polearms
 17697 | Lair:1   | Entered Level 1 of the Lair of Beasts
 17751 | Lair:1   | HP: 5/115 [poisoned by a spiny frog]
 17754 | Lair:1   | Mangled by a spiny frog

Skill      XL: |  1  2  3  4  5  6  7  8  9 10 11 |
---------------+----------------------------------+-----
Dodging        | 3 4 5 6 7 8 9 |  9.1
Fighting       | 1 2 3 4 |  4.1
Armour         | 1 2 |  2.6
Evocations     | 1 2 3 5 6 |  6.4
Summonings     | 5 6 7 8 |  8.3
Staves         | 1 2 |  2.1
Polearms       | 1 5 8 10 11 | 11.1
Spellcasting   | 3 4 5 |  5.0
Stealth        | 3 4 |  4.7
Shields        | 1 2 |  2.5
Unarmed Combat | |  0.4
Ice Magic      | |  0.7

Action                   |  1- 3 |  4- 6 |  7- 9 | 10-12 || total
-------------------------+-------+-------+-------+-------++-------
Melee: Unarmed           |   151 |       |       |       ||   151
       Dagger            |   108 |   186 |       |       ||   294
       Punch             |       |     2 |       |       ||     2
       Quarterstaff      |       |   126 |    18 |       ||   144
       Spear             |       |       |   415 |   586 ||  1001
       Trident           |       |       |    10 |       ||    10
       Bite              |       |       |    31 |    39 ||    70
       Tailslap          |       |       |     1 |       ||     1
       Glaive            |       |       |       |    62 ||    62
 Cast: Summon Small Mamm |     2 |     3 |       |       ||     5
       Call Imp          |     7 |     9 |    10 |    17 ||    43
       Call Canine Famil |       |     9 |    22 |    43 ||    74
       Summon Ice Beast  |       |       |       |     7 ||     7
 Abil: Evoke Invisibilit |       |       |     7 |     5 ||    12
  Use: Potion            |     1 |       |     7 |     4 ||    12
       Scroll            |       |       |     4 |     9 ||    13
 Stab: Distracted        |     1 |     1 |     3 |     6 ||    11
       Sleeping          |       |     8 |    10 |     1 ||    19
       Invisible         |       |       |     9 |     3 ||    12
  Eat: Chunk             |     7 |    11 |    21 |    10 ||    49
       Meat ration       |       |     1 |       |       ||     1
       Pizza             |       |       |     1 |       ||     1
       Fruit             |       |       |       |     6 ||     6
       Bread ration      |       |       |       |     2 ||     2
       Beef jerky        |       |       |       |     1 ||     1
Armor: Leather armour    |    66 |    52 |    47 |    53 ||   218
       Robe              |    20 |       |       |       ||    20
       Skin              |       |       |       |    14 ||    14
Dodge: Dodged            |   189 |   184 |   245 |   269 ||   887
Block: Buckler           |       |       |    51 |   102 ||   153
       Reflection        |       |       |       |     4 ||     4
